 Dungeon Crawl Stone Soup version 0.21.1-1-g345015f (webtiles) character file.

100 Grenin the Skirmisher (level 4, -4/29 HPs)
             Began as a Gargoyle Monk on Mar 9, 2018.
             Slain by Natasha (6 damage)
             ... on level 2 of the Dungeon.
             The game lasted 00:09:40 (956 turns).

Grenin the Skirmisher (Gargoyle Monk)                Turns: 956, Time: 00:09:41

Health: -4/29      AC:  6    Str: 15    XL:     4   Next: 73%
Magic:  4/4        EV: 13    Int: 11    God:
Gold:   42         SH:  0    Dex: 12    Spells: 3/3 levels left

rFire    . . .     SeeInvis .   j - +0 club
rCold    . . .     Gourm    .   (no shield)
rNeg     + . .     Faith    .   k - +0 robe
rPois    ∞         Spirit   .   (no helmet)
rElec    +         Reflect  .   (no cloak)
rCorr    .         Harm     .   (no gloves)
MR       .....                  f - +0 pair of boots
Stlth    ++........             (no amulet)
HPRegen  0.09/turn              (no ring)
MPRegen  0.09/turn              (no ring)

@: no status effects
A: negative energy resistance 1, electricity resistance, unbreathing,
petrification resistance, rot immunity, AC +3
a: no special abilities


You were on level 2 of the Dungeon.
You were very full.

You visited 1 branch of the dungeon, and saw 2 of its levels.

You collected 42 gold pieces.

Inventory:

Hand Weapons
 a - a +0 hand axe
 e - a +0 short sword
 h - a +0 hunting sling
 i - a +0 club
 j - a +0 club (weapon)
Missiles
 g - 46 stones (quivered)
Armour
 b - a +0 robe
 d - a +1 ring mail
 f - a +0 pair of boots (worn)
 k - a +0 robe (worn)
Potions
 l - a potion of heal wounds
Comestibles
 c - 3 rations


   Skills:
 + Level 3.8 Fighting
 + Level 1.0 Short Blades
 + Level 3.2(3.3) Axes
 + Level 0.6(2.3) Maces & Flails
 + Level 0.3 Armour
 + Level 3.2 Dodging
 + Level 2.5 Stealth


You had 3 spell levels left.
You didn't know any spells.

Dungeon Overview and Level Annotations

Branches:
Dungeon (2/15)

Altars:

Annotations:
D:2 Natasha


Innate Abilities, Weirdness & Mutations

You are resistant to torment.
Your stone body is resilient. (AC +3)
You are immune to poison.
You resist negative energy. (rN+)
You are resistant to electric shocks. (rElec)
You can survive without breathing.
You are immune to petrification.
You are immune to rotting.


Message History

Things that are here:
a club; an adder corpse You now have 42 gold pieces (gained 11).
Natasha barely misses you.
Natasha stares at you and mumbles some strange words.
The magic dart hits you!
* * * LOW HITPOINT WARNING * * *
You hit Natasha.
Natasha is moderately wounded.
Natasha barely misses you.
You hit Natasha.
Natasha is heavily wounded.
Natasha closely misses you.
You barely miss Natasha.
Natasha is heavily wounded.
Natasha claws you but does no damage.
You hit Natasha.
Natasha is severely wounded.
Natasha barely misses you. Natasha claws you.
You die...

#### #### #.. ...
#.# ###.# #.#
##.#.#
..#######.#..###.#
.................#
...######....#####
.#.#
##..)###########
.#.#
#.....h@.......
...#
#....##########
.### #.##.# ..
#.##.# ## #.##.#
.. #.# ## #.# #.#
#.#


You could see Natasha.

Vanquished Creatures
  Jessica (D:2)
  Natasha (D:2)
  2 adders (D:2)
  3 dart slugs
  2 leopard geckos
  2 goblins (D:2)
  2 hobgoblins (D:2)
  3 jackals (D:2)
  2 ball pythons (D:2)
  2 bats
  3 frilled lizards
  2 kobolds (D:1)
  2 rats
27 creatures vanquished.

Notes
Turn   | Place    | Note
-------+----------+-------------------------------------------
     0 | D:1      | Grenin the Gargoyle Monk began the quest for the Orb.
     0 | D:1      | Reached XP level 1. HP: 14/14 MP: 1/1
   278 | D:1      | Reached XP level 2. HP: 11/19 MP: 2/2
   591 | D:2      | Noticed Jessica
   609 | D:2      | Killed Jessica
   609 | D:2      | Reached XP level 3. HP: 21/24 MP: 3/3
   648 | D:2      | Noticed Natasha
   666 | D:2      | Killed Natasha
   666 | D:2      | Reached XP level 4. HP: 5/29 MP: 4/4
   933 | D:2      | Reached skill level 1 in Short Blades
   934 | D:2      | Noticed Natasha
   956 | D:2      | Slain by Natasha

Skill      XL: |  1  2  3  4 |
---------------+-------------+-----
Axes           | 3 |  3.2
Dodging        | 3 |  3.2
Short Blades   | 1 |  1.0
Fighting       | |  3.8
Maces & Flails | |  0.6
Armour         | |  0.3
Stealth        | |  2.5

Action                   |  1- 3 |  4- 6 || total
-------------------------+-------+-------++-------
Melee: Hand axe          |     9 |       ||     9
       Short sword       |    51 |       ||    51
       Club              |    14 |    72 ||    86
  Use: Scroll            |     3 |       ||     3
       Potion            |     1 |     1 ||     2
 Stab: Sleeping          |     1 |     1 ||     2
  Eat: Ration            |     1 |     1 ||     2
Armor: Robe              |     9 |    37 ||    46
       Ring mail         |    31 |       ||    31
Dodge: Dodged            |    83 |    78 ||   161
